 Dungeon Crawl Stone Soup version 0.31-a0-986-g5e6e4ef867 (webtiles) character file.

Game seed: 3544418298710446318

421 clenchingflame the Magician (level 7, -3/50 HPs)
             Began as a Djinni Venom Mage on Nov 16, 2023.
             Was an Initiate of Lugonu.
             Slain by a black bear (6 damage)
             ... on level 4 of the Dungeon.
             The game lasted 00:30:07 (3555 turns).

clenchingflame the Magician (Djinni Venom Mage)     Turns: 3555, Time: 00:30:07

Health: -3/50      AC:  6    Str:  7    XL:     7   Next: 16%
Gold:   131        EV: 12    Int: 19    God:    Lugonu [......] SH:  0 Dex: 13

rFire   + + .        f - +0 quarterstaff
rCold   x . .        (shield currently unavailable)
rNeg    . . .        a - +0 robe
rPois   ∞            g - +0 helmet
rElec   .            l - +1 cloak
rCorr   .            c - +0 pair of gloves
SInv    .            (boots unavailable)
Will    .....        o - amulet of faith
Stlth   ++           (no ring)
HPRegen 0.28/turn    (no ring)
MPRegen 0.00/turn

%: faith, infuse magic (-4 HP)
@: flying
A: sickness immunity, fire resistance 2, cold vulnerability 1, float, innate
caster, HP casting, extra vitality 1
a: Renounce Religion


You were on level 4 of the Dungeon.
You worshipped Lugonu.
Lugonu was noncommittal.
You visited 2 branches of the dungeon, and saw 5 of its levels.

You collected 131 gold pieces.

Inventory:

Hand Weapons
 f - a +0 quarterstaff (weapon)
 r - a +1 vampiric dagger
Missiles
 e - 47 stones
Armour
 a - a +0 robe (worn)
 c - a +0 pair of gloves (worn)
 g - a +0 helmet (worn)
 k - a +0 ring mail
 l - a +1 cloak (worn)
 s - a +0 plate armour
Jewellery
 o - an amulet of faith (around neck)
 u - a ring of fire
Wands
 t - a wand of mindburst (6)
 w - a wand of flame (16)
Scrolls
 b - a scroll of silence {unknown}
 i - 4 scrolls of identify {unknown}
 j - 2 scrolls of amnesia {unknown}
 m - a scroll of blinking {unknown}
 p - a scroll of vulnerability {unknown}
Potions
 d - a potion of degeneration {unknown}
 h - 2 potions of attraction {unknown}
 n - a potion of magic {unknown}
 q - a potion of heal wounds {unknown}
 v - a potion of curing {unknown}


   Skills:
 + Level 3.1 Fighting
 - Level 1.0 Staves
 + Level 2.5 Armour
 - Level 3.0 Dodging
 - Level 1.5 Stealth
 * Level 4.5 Spellcasting
 * Level 4.5 Conjurations
 * Level 4.5 Hexes
   Level 0.0 Charms
 * Level 4.5 Summonings
 * Level 4.5 Necromancy
 * Level 4.5 Translocations
 * Level 4.5 Transmutations
 * Level 4.5 Fire Magic
 * Level 4.5 Ice Magic
 * Level 4.5 Air Magic
 * Level 4.5 Earth Magic
 * Level 4.5 Poison Magic


You knew the following spells:

 Your Spells              Type           Power      Damage    Failure   Level
a - Sting                 Tmut/Pois      84%        1d7       1%          1
b - Poisonous Vapours     Pois/Air       42%        N/A       3%          2
c - Mephitic Cloud        Conj/Pois/Air  21%        N/A       6%          3
d - Olgreb's Toxic Radia  Pois           21%        N/A       21%         4
e - Slow                  Hex            84%        N/A       1%          1
f - Momentum Strike       Conj/Tloc      42%        3d9       3%          2
g - Teleport Other        Tloc           21%        N/A       6%          3
Your spell library was empty.

Dungeon Overview and Level Annotations

Branches:
Dungeon (4/15)             Temple (1/1) D:4

Altars:
Ashenzari
Cheibriados
Hepliaklqana
Nemelex Xobeh
Trog
Uskayaw
Wu Jian
Zin
The Shining One
Lugonu


Innate Abilities, Weirdness & Mutations

You are immune to sickness and miasma.
You are immune to poison.
Your flesh is very heat resistant. (rF++)
You are vulnerable to cold. (rC-)
You float through the air rather than walking.
You learn spells naturally, not from books.
Your magical power is your life essence.
You have superior vitality. (+4 MHP)


Message History

Confirm with . or Enter, or press ? or * to list all spells.
Aiming: Sting (safe; 1% risk of failure)
Press: ? - help, Shift-Dir - straight line, f/p - black bear
Aim: a black bear (severely wounded, poisoned, slow, 82% to hit)
You miscast Sting.
You are very lightly contaminated with residual magic.
Nothing appears to happen.
You see here a ball python corpse.
The black bear shakes off its lethargy.
The black bear goes berserk!
Casting: Sting (safe; 1% risk of failure)
Confirm with . or Enter, or press ? or * to list all spells.
Aiming: Sting (safe; 1% risk of failure)
Press: ? - help, Shift-Dir - straight line, f/p - black bear
Aim: a black bear (severely wounded, berserk, poisoned, 82% to hit)
The sting hits the black bear.
The black bear looks even sicker.
The black bear is almost dead.
The black bear rages.
The black bear attacks as it pursues you!
The black bear barely misses you.
The black bear claws you but does no damage. x2
The black bear attacks as it pursues you!
The black bear bites you. The black bear claws you.
The black bear barely misses you. x2; The black bear closely misses you.
The black bear claws you but does no damage.
Your magical contamination has completely faded away.
The black bear attacks as it pursues you!
The black bear barely misses you. x2; The black bear closely misses you.
The black bear attacks as it pursues you!
The black bear bites you!
* * * LOW HITPOINT WARNING * * *
The black bear misses you.
The black bear claws you but does no damage.
The black bear barely misses you. x2; The black bear claws you.
* * * LOW HITPOINT WARNING * * *
The black bear bites you.
* * * LOW HITPOINT WARNING * * *
The black bear claws you but does no damage. x2
The black bear attacks as it pursues you!
The black bear bites you.
You die...

#.##.###.###.##.# #.#
##.# #
......).........#
#.####.#####
###.####.###.####
#........... #.# #.#
######.###..
##.####.###.#
###########.###.#
.........†..#
#..........#...<#
#.####.#####
#.#########.#####
#.###...#######.# #.#
#......†.....h@.####
#.#
#####...########...#
#.#
##............<######.#
....########......."..#
#.##.# ############ #.
#.# # #.# #.# #.#


You could see a black bear (berserk, poisoned).

Vanquished Creatures
  A scorpion (D:4)
  A hound (D:4)
  A jelly (D:4)
  An orc priest (D:3)
  2 orc wizards (D:3)
  Natasha (thrice) (D:3)
  3 gnolls (D:3)
  2 adders
  A worm (D:2)
  2 dart slugs
  10 orcs
  9 ball pythons
  4 bats
  8 endoplasms
  2 giant cockroaches
  8 goblins
  5 hobgoblins
  3 quokkas
  12 frilled lizards
  12 kobolds
  4 rats (D:2)
94 creatures vanquished.

Notes
Turn   | Place    | Note
-------+----------+-------------------------------------------
     0 | D:1      | clenchingflame the Djinni Venom Mage began the quest for
                  | the Orb.
     0 | D:1      | clenchingflame set off with the following spells memorised:
                  | Sting, Poisonous Vapours, Mephitic Cloud, Olgreb's Toxic
                  | Radiance.
     0 | D:1      | Reached XP level 1. HP: 15/15 MP: 0/0
   216 | D:1      | Reached XP level 2. HP: 19/22 MP: 0/0
   602 | D:1      | Reached XP level 3. HP: 26/26 MP: 0/0
   602 | D:1      | Learned a level 1 spell: Slow
   659 | D:1      | Reached skill level 1 in Fighting
   854 | D:1      | You are sucked into a shaft and drop 1 floor!
  1349 | D:2      | Reached XP level 4. HP: 30/32 MP: 0/0
  2154 | D:3      | Noticed Natasha
  2161 | D:3      | Killed Natasha
  2162 | D:3      | Reached XP level 5. HP: 29/38 MP: 0/0
  2162 | D:3      | Learned a level 2 spell: Momentum Strike
  2356 | D:3      | Noticed Natasha
  2370 | D:3      | Killed Natasha
  2371 | D:3      | Reached skill level 1 in Armour
  2502 | D:3      | Reached XP level 6. HP: 30/45 MP: 0/0
  2669 | D:3      | Noticed Natasha
  2675 | D:3      | Killed Natasha
  2745 | D:3      | Found a faded altar of an unknown god.
  3193 | D:4      | Reached skill level 1 in Staves
  3206 | D:4      | Found a staircase to the Ecumenical Temple.
  3218 | Temple   | Entered the Ecumenical Temple
  3255 | Temple   | Became a worshipper of Lugonu the Unformed
  3410 | D:4      | Reached XP level 7. HP: 49/50 MP: 0/0
  3410 | D:4      | Learned a level 3 spell: Teleport Other
  3555 | D:4      | Slain by a black bear

Illustrated notes

Levels and vault maps discovered:
D:1:      dpeg_arrival_shelter, layout_basic, minmay_lizard_king
D:2:      layout_loops_ring
D:3:      layout_rooms, shapermc_ecumenical_altar_mp_highgroup,
          kennysheep_minor_cross, uniq_natasha
D:4:      layout_loops_ring, temple_green, minmay_quantized
Temple:   kb_corrupted_temple

Skill      XL: |  1  2  3  4  5  6 |
---------------+-------------------+-----
Spellcasting   | 4 |  4.5
Conjurations   | 4 |  4.5
Hexes          | 4 |  4.5
Summonings     | 4 |  4.5
Necromancy     | 4 |  4.5
Translocations | 4 |  4.5
Transmutations | 4 |  4.5
Fire Magic     | 4 |  4.5
Ice Magic      | 4 |  4.5
Air Magic      | 4 |  4.5
Earth Magic    | 4 |  4.5
Poison Magic   | 4 |  4.5
Fighting       | 1 2 3 |  3.1
Dodging        | 3 |  3.0
Armour         | 1 2 |  2.5
Staves         | 1 |  1.0
Stealth        | |  1.5

Action                     |  1- 3 |  4- 6 |  7- 9 || total
---------------------------+-------+-------+-------++-------
  Melee: Quarterstaff      |    18 |    40 |     4 ||    62
         Unarmed           |     1 |       |       ||     1
   Cast: Sting             |    47 |    27 |     1 ||    75
         Poisonous Vapours |    12 |    58 |     9 ||    79
         Mephitic Cloud    |     1 |     4 |       ||     5
         Slow              |       |     4 |     3 ||     7
         Momentum Strike   |       |     2 |       ||     2
         Olgreb's Toxic Ra |       |     1 |       ||     1
 Armour: Robe              |    11 |    37 |    26 ||    74
  Dodge: Dodged            |    15 |    32 |    20 ||    67

Table legend: (Time is in decaauts)
 A = Elapsed time spent in this place.
 B = Non-inter-level travel time spent in this place.
 C = Inter-level travel time spent in this place.
 D = Time resting spent in this place.
 E = Time spent auto-exploring this place.
 F = Levels seen in this place.
 G = Mean time per level.
                   A        B        C        D        E       F      G
               +--------+--------+--------+--------+--------+-----+--------+
         Total |   3572 |   3450 |    122 |    731 |   1927 |   5 |  714.4 |
       Dungeon |   3515 |   3430 |     85 |    731 |   1927 |   4 |  878.8 |
        Temple |     56 |     19 |     37 |      0 |      0 |   1 |   56.0 |
               +--------+--------+--------+--------+--------+-----+--------+

Top non-repeatable levels by time:
     D:3: 1077 daAuts
     D:1: 1021 daAuts
     D:2: 1021 daAuts
     D:4: 394 daAuts
  Temple: 56 daAuts
